 Dungeon Crawl Stone Soup version 0.29-a0-284-gf9362112df (webtiles) character file.

Game seed: 3665367777469464255

145321 Dabor the Warrior (level 17, 0/116 HPs)
             Began as a Gargoyle Fighter on Mar 14, 2022.
             Was the Champion of Jiyva.
             Slain by a +1 vorpal trident (6 damage)
             ... on level 2 of the Elven Halls.
             The game lasted 01:03:14 (16494 turns).

Dabor the Warrior (Gargoyle Fighter)               Turns: 16494, Time: 01:03:15

Health: 0/116      AC: 32    Str: 31    XL:     17   Next: 12%
Magic:  17/17      EV: 15    Int:  9    God:    Jiyva [******]
Gold:   2196       SH: 18    Dex: 17    Spells: 16/16 levels left

rFire   + . .      SeeInvis +   c - +7 flail of Nuuve {flame, Str+5}
rCold   + + .      Faith    .   P - +2 tower shield {reflect}
rNeg    + . .      Spirit   .   B - +4 ring mail "Vimaf" {Will+}
rPois   ∞          Reflect  +   (helmet restricted)
rElec   +          Harm     .   n - +0 cloak {rF+}
rCorr   +          Rampage  .   h - +2 pair of gloves {infuse}
Will    ++...                   t - +2 pair of boots
Stlth   +++.......              (no amulet)
HPRegen 4.29/turn               x - ring of protection from cold
MPRegen 0.65/turn               Q - ring of protection from cold

@: about to teleport, flying, hasted, very quick
A: sickness immunity, AC +12, big wings, negative energy resistance 1,
electricity resistance, torment resistance 1, petrification resistance, horns 1,
thin skeletal structure 2, agile 1, regeneration 3, wild magic 1, eyeballs 3,
pseudopods 3, tendrils, jelly sensing items, jelly absorbing missiles
}: 1/15 runes: serpentine
a: Renounce Religion, Oozemancy, Slimify


You were on level 2 of the Elven Halls.
You worshipped Jiyva.
Jiyva was exalted by your worship.
You visited 6 branches of the dungeon, and saw 23 of its levels.
You also visited: Volcano.

You collected 2782 gold pieces.
You spent 586 gold pieces at shops.

Inventory:

Hand Weapons
 c - the +7 flail of Nuuve (weapon) {flame, Str+5}
   (You found it on level 2 of the Snake Pit)

   It burns those it strikes, dealing additional fire damage.
   Str:       It affects your strength (+5).
 g - the +6 mace "Baehet" {vorpal, rPois}
   (You found it on level 2 of the Dungeon)

   It inflicts extra damage upon your enemies.
   rPois:     It protects you from poison.
 l - the +1 spear of Naidecs {venom, *Slow Fly Str+6}
   (You took it off an orc on level 3 of the Dungeon)

   It poisons the flesh of those it strikes.
   Str:       It affects your strength (+6).
   Fly:       It grants you flight.
   *Slow:     It may slow you when you take damage.
 K - a +3 great mace of flaming
 N - a +6 mace
Missiles
 b - 4 datura-tipped darts
 e - 2 throwing nets
 o - 22 poisoned darts
 w - 2 curare-tipped darts
 D - 11 boomerangs (quivered)
Armour
 h - a +2 pair of gloves of infusion (worn)
 k - a +4 scale mail
 m - a +0 helmet
 n - a +0 cloak of fire resistance (worn)
 t - a +2 pair of boots (worn)
 B - the +4 ring mail "Vimaf" (worn) {Will+}
   (You took it off a gnoll on level 8 of the Dungeon)

   Will:      It increases your willpower.
 O - a +1 kite shield of protection
 P - a +2 tower shield of reflection (worn)
Jewellery
 x - a ring of protection from cold (left hand)
 Q - a ring of protection from cold (right hand)
Wands
 q - a wand of flame (33)
 y - a wand of paralysis (13)
 G - a wand of acid (2)
Scrolls
 i - a scroll of blinking
 j - a scroll of enchant weapon
 r - 2 scrolls of enchant armour
 s - 3 scrolls of teleportation
 E - 2 scrolls of amnesia
 L - a scroll of fear
 R - a scroll of holy word
 S - a scroll of torment
Potions
 d - 3 potions of might
 f - 5 potions of brilliance
 p - a potion of haste
 v - 2 potions of flight
 z - 8 potions of curing
 A - a potion of cancellation
 C - 2 potions of invisibility
 F - 2 potions of ambrosia
 H - 2 potions of lignification
 I - a potion of attraction {unknown}
 J - a potion of magic {unknown}
 T - a potion of berserk rage
Miscellaneous
 M - a phial of floods
 U - a condenser vane
 V - a box of beasts


   Skills:
 + Level 16.6 Fighting
 + Level 15.2 Maces & Flails
 + Level 16.6 Armour
 + Level 11.4 Dodging
 - Level 8.3 Shields
 - Level 6.0 Evocations


You had 16 spell levels left.
You didn't know any spells.
Your spell library contained the following spells:

 Spells                   Type           Power      Damage    Failure   Level
 Shock                    Conj/Air       0%         1d3       99%         1
 Ensorcelled Hibernation  Hex/Ice        0%         N/A       100%        2
 Ignite Poison            Fire/Tmut/Pois 0%         N/A       100%        3
 Mephitic Cloud           Conj/Pois/Air  0%         N/A       100%        3
 Ozocubu's Armour         Ice            0%         N/A       100%        3
 Spider Form              Tmut/Pois      0%         N/A       100%        3
 Swiftness                Air            0%         N/A       100%        3
 Airstrike                Air            0%         N/A       100%        4
 Anguish                  Hex/Necr       0%         N/A       100%        4
 Animate Armour           Summ/Erth      0%         N/A       100%        4
 Cause Fear               Hex            0%         N/A       100%        4
 Blade Hands              Tmut           0%         N/A       100%        5
 Freezing Cloud           Conj/Ice/Air   0%         6-21      100%        5
 Metabolic Englaciation   Hex/Ice        0%         N/A       100%        5
 Iron Shot                Conj/Erth      0%         9d1       100%        6
 Simulacrum               Ice/Necr       0%         N/A       100%        6
 Dragon Form              Tmut           0%         N/A       100%        7
 Dragon's Call            Summ           0%         N/A       100%        9


Dungeon Overview and Level Annotations

Branches:
Dungeon (11/15)            Temple (0/1) D:6            Lair (3/6) D:11
  Swamp (1/4) Lair:3        Snake (4/4) Lair:3          Orc (2/2) D:10
    Elf (2/3) Orc:2       Volcano (visited)

Altars:
Ashenzari
Cheibriados
Dithmenos
Gozag
Nemelex Xobeh
Qazlal
Sif Muna
Trog
Xom
Beogh
Jiyva

Shops:
D:1 (!:?   D:9 =   Orc:2 ([[[   Elf:1 !

Annotations:
D:10 exclusion: orange crystal statue


Innate Abilities, Weirdness & Mutations

You are immune to sickness and miasma.
Your stone body is resilient. (AC +12)
You are immune to poison.
Your large and strong wings let you fly.
You resist negative energy. (rN+)
You are resistant to electric shocks. (rElec)
You are resistant to unholy torment.
You are immune to petrification.
You have a pair of small horns on your head.
You have a moderately thin skeletal structure. (Dex +4, Stealth++)
You are agile. (Dex +2)
You regenerate.
Your spells are a little harder to cast, but a little more powerful.
Your body is covered in eyes which may confuse attackers. (Acc +7, SInv)
Armour fits poorly on your massive pseudopods.
You are covered in slimy tendrils that may disarm your opponents.
You have a small jelly attached to you that senses nearby items.
You have a small jelly attached to you that may absorb projectiles.


Message History

The deep elf pyromancer gestures wildly while chanting.
The deep elf pyromancer blinks!
The deep elf zephyrmancer closely misses the +4 halberd of venom.
As you read the scroll of teleportation, it crumbles to dust.
You feel strangely unstable.
The deep elf zephyrmancer seems less confused.
You block the +3 trident of distortion's attack.
The +1 vorpal trident hits you from afar.
* * * LOW HITPOINT WARNING * * *
x2
As you read the scroll of fear, it crumbles to dust.
You assume a fearsome visage.
The fire elemental is unaffected.
The deep elf pyromancer looks frightened!
The +4 halberd of venom is unaffected.
The fire elemental is unaffected.
The +0 trident of venom is unaffected.
The water elemental is unaffected.
The +0 trident of venom is unaffected.
The +1 vorpal trident is unaffected.
The deep elf pyromancer looks frightened!
The deep elf archer looks frightened!
The deep elf pyromancer resists with some effort.
The deep elf zephyrmancer looks frightened!
The fire elemental is unaffected.
The deep elf zephyrmancer resists with some effort.
The +3 trident of distortion is unaffected.
The +2 battleaxe of distortion is unaffected.
You block the +3 trident of distortion's attack.
The +1 vorpal trident hits you from afar!
* * * LOW HITPOINT WARNING * * *
x2 The deep elf pyromancer mumbles some strange words.
The deep elf pyromancer blinks!
The deep elf zephyrmancer mumbles some strange words.
The deep elf zephyrmancer blinks!
The deep elf pyromancer casts a spell.
The deep elf pyromancer blinks!
The +4 halberd of venom hits you from afar.
* * * LOW HITPOINT WARNING * * *
The deep elf archer gestures wildly while chanting.
The deep elf archer blinks!
You block the +3 trident of distortion's attack.
The +2 battleaxe of distortion closely misses you.
The +1 vorpal trident hits you from afar.
You die...

##################
#.....§...........
#..(((E.e.....§...
#.@§(§..e......>..
#...(e..)e........
#...(E.E..........
#...e☼E§☼<........
#......°.○☼.......
#......○°°.°§..#.#
#......○...○..#...
#........°.☼.#....
................>


You could see a deep elf archer (repels missiles, fleeing), a water elemental, a
deep elf pyromancer, 2 deep elf zephyrmancers, 3 fire elementals and 6 dancing
weapons.

Vanquished Creatures
  Zenata (Elf:1)
  A storm dragon (Elf:1)
  4 nagarajas
  A shadow dragon (Elf:1)
  A deep elf demonologist (Elf:1)
  A fire dragon (Elf:1)
  2 deep elf high priests (Elf:1)
  An ice dragon (Elf:1)
  11 naga warriors
  2 ghost crabs (Swamp:1)
  4 ogre magi (Orc:2)
  3 salamander tyrants
  4 anacondas
  A catoblepas (Lair:3)
  6 dancing weapons (Elf:1)
  17 two-headed ogres
  6 shock serpents
  An alligator (Swamp:1)
  6 naga sharpshooters
  Sonja (Lair:1)
  Amaemon (Lair:2)
  9 deep elf knights (Elf:1)
  A salamander mystic (Snake:4)
  6 sea snakes
  A deep troll (Lair:2)
  4 deep elf archers (Elf:1)
  11 deep elf zephyrmancers
  An orc sorcerer (Orc:1)
  10 naga ritualists
  2 orc knights
  7 deep elf pyromancers
  12 mana vipers
  A cyclops (D:10)
  3 elephants (Lair:3)
  13 naga magi
  4 guardian serpents
  13 salamanders
  A gargoyle (D:9)
  31 black mambas
  5 cane toads
  An orange demon (Lair:2)
  A rime drake (Lair:2)
  2 unseen horrors
  6 komodo dragons
  3 trolls
  4 tyrant leeches
  A hornet (D:10)
  5 blink frogs (Lair:1)
  An air elemental (Elf:1)
  Sigmund (D:5)
  9 yaks
  3 wyverns
  A wraith (D:10)
  Grum (Lair:1)
  A fire bat (shapeshifter) (D:9)
  A warg (Orc:2)
  5 vampire mosquitoes
  The ghost of Zigma the Insei, an amateur OpMo of Qazlal (D:3)
  2 swamp worms
  Menkaure (D:5)
  41 nagas
  4 water moccasins
  9 orc warriors
  An ice beast (D:7)
  4 sky beasts
  A black bear (Lair:1)
  2 wolves (Lair:1)
  25 ogres
  7 centaurs
  A phantom (D:6)
  4 kobold brigands
  18 bullfrogs
  2 gnoll sergeants
  4 earth elementals (Elf:1)
  A necrophage (D:6)
  3 scorpions
  4 wights (D:8)
  13 killer bees
  4 howler monkeys
  3 electric eels (Snake:2)
  8 orc priests
  3 gnoll shamans
  3 hounds
  4 iguanas
  17 orc wizards
  23 gnolls
  5 adders
  2 white imps
  An ufetubus (D:7)
  2 worms
  4 dart slugs
  66 orcs
  6 bats
  2 endoplasms (D:1)
  6 goblins
  2 hobgoblins
  3 jackals (D:4)
  6 quokkas
  4 ball pythons
  A frilled lizard (D:1)
  15 kobolds
  9 rats
603 creatures vanquished.

Vanquished Creatures (collateral kills)
  A nagaraja (Snake:4)
  A naga warrior (Snake:4)
  2 ogre magi
  7 two-headed ogres
  A naga sharpshooter (Snake:4)
  A hell knight (Volcano)
  A salamander mystic (Snake:3)
  2 naga ritualists (Snake:4)
  3 deep elf zephyrmancers (Elf:1)
  A salamander (Snake:4)
  2 nagas (Snake:4)
  2 ogres
24 creatures vanquished.

Vanquished Creatures (others)
  The ghost of Cakin the Tortoise, an adept DDNe of Okawaru (Elf:1)
  An acid blob (Elf:1)
  A quicksilver ooze (Elf:1)
  A dancing weapon (Elf:1)
  A shock serpent (Snake:4)
  A deep elf knight (Elf:1)
  A will-o-the-wisp (Swamp:1)
  2 black mambas (Snake:2)
  A bloated husk (Swamp:1)
  A water elemental (Elf:2)
  A naga (Snake:3)
  A water moccasin (Lair:3)
  A kobold brigand (D:8)
  A scorpion (D:4)
  2 killer bees (D:8)
  An orc priest (Elf:1)
  59 jellies
  Jessica (D:3)
  An iguana (D:6)
  3 orc wizards
  An adder (D:6)
  2 gnolls (D:8)
  An ufetubus (D:6)
  A worm (D:3)
  11 orcs
  4 endoplasms
  A giant cockroach (D:4)
  2 goblins (D:2)
  3 jackals (D:2)
  3 kobolds (D:8)
  2 quokkas (D:3)
  2 ball pythons
  A frilled lizard (D:2)
  6 foxfires (Swamp:1)
  49 fungi
  80 plants
251 creatures vanquished.

Grand Total: 878 creatures vanquished

Notes
Turn   | Place    | Note
-------+----------+-------------------------------------------
     0 | D:1      | Dabor the Gargoyle Fighter began the quest for the Orb.
     0 | D:1      | Reached XP level 1. HP: 14/14 MP: 1/1
    58 | D:1      | Found Fumisieg's Weapon Shop.
    84 | D:1      | Reached XP level 2. HP: 19/19 MP: 2/2
   120 | D:1      | Found Wipouh's Distillery.
   126 | D:1      | Bought a potion of degeneration for 10 gold pieces
   155 | D:1      | Found Qigooq's Book Emporium.
   333 | D:1      | Found a faded altar of an unknown god.
   348 | D:1      | Prayed at the altar of an unknown god.
   348 | D:1      | Became a worshipper of Jiyva Jacylin the Shapeless
   348 | D:1      | Reached * piety under Jiyva
   461 | D:1      | Reached XP level 3. HP: 23/23 MP: 3/3
   665 | D:1      | Found Etruezek's Magic Scroll Boutique.
   673 | D:1      | Bought a scroll of identify for 20 gold pieces
   886 | D:2      | Identified the +6 mace "Baehet" {vorpal, rPois}
  1017 | D:2      | Reached ** piety under Jiyva
  1396 | D:3      | Reached XP level 4. HP: 25/29 MP: 4/4
  1408 | D:3      | Found a runed translucent gate.
  1411 | D:3      | Found a runed translucent gate.
  1412 | D:3      | Found a runed translucent gate.
  1412 | D:3      | Noticed Zigma's ghost (amateur OpMo)
  1412 | D:3      | Identified the +1 spear of Naidecs {venom, *Slow Fly Str+6}
  1453 | D:3      | Killed Zigma's ghost
  1454 | D:3      | Reached XP level 5. HP: 25/34 MP: 5/5
  1497 | D:3      | You fall into a shaft and drop 1 floor!
  1576 | D:3      | Reached XP level 6. HP: 38/39 MP: 6/6
  1661 | D:3      | Killed Jessica
  1687 | D:3      | Found a shimmering blue altar of Sif Muna.
  1744 | D:3      | Reached *** piety under Jiyva
  1988 | D:3      | Found a sparkling altar of Nemelex Xobeh.
  2070 | D:4      | Found an opulent altar of Gozag.
  2277 | D:4      | Found a broken altar of Ashenzari.
  2383 | D:4      | Reached **** piety under Jiyva
  2383 | D:4      | Gained mutation: You have a pair of small horns on your
                  | head. [Jiyva's grace]
  2383 | D:4      | Gained mutation: You have a pair of horns on your head.
                  | [Jiyva's grace]
  2383 | D:4      | Gained mutation: You have a pair of large horns on your
                  | head. [Jiyva's grace]
  2383 | D:4      | Gained mutation: You have a small jelly attached to you
                  | that may absorb projectiles. [Jiyva's grace]
  2694 | D:5      | Entered Level 5 of the Dungeon
  2702 | D:5      | Noticed Menkaure
  2935 | D:5      | Killed Menkaure
  2936 | D:5      | Reached skill level 5 in Fighting
  2936 | D:5      | Reached skill level 5 in Armour
  2936 | D:5      | Reached skill level 5 in Shields
  2936 | D:5      | Reached XP level 7. HP: 44/44 MP: 7/7
  2962 | D:5      | Found a shadowy altar of Dithmenos.
  3274 | D:5      | Noticed Sigmund
  3282 | D:5      | Killed Sigmund
  3283 | D:5      | Reached XP level 8. HP: 51/51 MP: 8/8
  3350 | D:5      | Reached skill level 5 in Maces & Flails
  3449 | D:6      | Lost mutation: You have a small jelly attached to you that
                  | may absorb projectiles. [potion of mutation]
  3449 | D:6      | Lost mutation: You have a pair of large horns on your head.
                  | [potion of mutation]
  3449 | D:6      | Gained mutation: You are strong-willed. (Will+) [potion of
                  | mutation]
  3484 | D:6      | Found a staircase to the Ecumenical Temple.
  3556 | D:6      | Found a shimmering altar of Xom.
  3858 | D:6      | Reached ***** piety under Jiyva
  4251 | D:7      | Reached XP level 9. HP: 56/56 MP: 9/9
  4285 | D:7      | Lost mutation: You are strong-willed. (Will+) [Jiyva's
                  | grace]
  4285 | D:7      | Gained mutation: Your body has grown eyes which may confuse
                  | attackers. (Acc +3) [Jiyva's grace]
  4285 | D:7      | Gained mutation: Your body has grown many eyes which may
                  | confuse attackers. (Acc +5) [Jiyva's grace]
  4285 | D:7      | Gained mutation: Your body is covered in eyes which may
                  | confuse attackers. (Acc +7, SInv) [Jiyva's grace]
  4285 | D:7      | Gained mutation: You are covered in slimy tendrils that may
                  | disarm your opponents. [Jiyva's grace]
  4629 | D:8      | Noticed an unseen horror
  4668 | D:7      | Killed an unseen horror
  4737 | D:8      | Identified the +7 fustibalus of the Vase {flame, Fly Int+4}
  4958 | D:8      | Found a bloodstained altar of Trog.
  5241 | D:8      | Identified the +4 ring mail "Vimaf" {Will+}
  5257 | D:8      | Reached XP level 10. HP: 64/64 MP: 10/10
  5383 | D:8      | Reached ****** piety under Jiyva
  5548 | D:9      | Reached skill level 1 in Evocations
  5572 | D:8      | Reached skill level 1 in Dodging
  5590 | D:9      | Found Jususaukimp's Jewellery Boutique.
  5627 | D:9      | Noticed a gargoyle
  5648 | D:9      | Killed a gargoyle
  5826 | D:9      | Noticed a two-headed ogre
  5836 | D:9      | Killed a two-headed ogre
  6042 | D:9      | Found a snail-covered altar of Cheibriados.
  6199 | D:10     | Entered Level 10 of the Dungeon
  6199 | D:10     | Noticed a two-headed ogre
  6208 | D:10     | Killed a two-headed ogre
  6209 | D:10     | Reached XP level 11. HP: 42/71 MP: 11/11
  6285 | D:10     | Noticed a two-headed ogre
  6292 | D:10     | Killed a two-headed ogre
  6336 | D:10     | Identified a scroll of acquirement
  6337 | D:10     | Acquired 652 gold pieces
  6348 | D:10     | Noticed an orange crystal statue
  6601 | D:10     | Noticed a cyclops
  6612 | D:10     | Killed a cyclops
  6699 | D:10     | Found a staircase to the Orcish Mines.
  6805 | Orc:1    | Entered Level 1 of the Orcish Mines
  6861 | Orc:1    | Gained mutation: You are partially covered in iridescent
                  | scales. (AC +2) [Jiyva's grace]
  6861 | Orc:1    | Gained mutation: You are mostly covered in iridescent
                  | scales. (AC +4) [Jiyva's grace]
  6861 | Orc:1    | Gained mutation: You are completely covered in iridescent
                  | scales. (AC +6) [Jiyva's grace]
  6861 | Orc:1    | Gained mutation: Your muscles are strong. (Str +2) [Jiyva's
                  | grace]
  7147 | Orc:1    | Noticed a two-headed ogre
  7147 | Orc:1    | Noticed a two-headed ogre
  7152 | Orc:1    | Noticed an ogre mage
  7152 | Orc:1    | Noticed a two-headed ogre
  7162 | Orc:1    | Killed a two-headed ogre
  7163 | Orc:1    | Reached skill level 10 in Fighting
  7163 | Orc:1    | Reached skill level 10 in Armour
  7168 | Orc:1    | Killed a two-headed ogre
  7171 | Orc:1    | Noticed a two-headed ogre
  7183 | Orc:1    | Killed a two-headed ogre
  7195 | Orc:1    | Killed a two-headed ogre
  7197 | Orc:1    | Noticed a two-headed ogre
  7201 | Orc:1    | Killed an ogre mage
  7202 | Orc:1    | Reached skill level 5 in Evocations
  7204 | Orc:1    | Killed a two-headed ogre
  7205 | Orc:1    | Reached XP level 12. HP: 46/78 MP: 12/12
  7461 | Orc:2    | Entered Level 2 of the Orcish Mines
  7532 | Orc:2    | Found a staircase to the Elven Halls.
  7593 | Orc:2    | Noticed a two-headed ogre
  7594 | Orc:2    | Noticed a two-headed ogre
  7595 | Orc:2    | Noticed a two-headed ogre
  7595 | Orc:2    | Noticed a two-headed ogre
  7612 | Orc:2    | Killed a two-headed ogre
  7620 | Orc:2    | Killed a two-headed ogre
  7621 | Orc:2    | Reached skill level 5 in Dodging
  7628 | Orc:2    | Killed a two-headed ogre
  7641 | Orc:2    | Killed a two-headed ogre
  7663 | Orc:2    | Noticed an ogre mage
  7663 | Orc:2    | Noticed a two-headed ogre
  7672 | Orc:2    | Killed a two-headed ogre
  7699 | Orc:2    | Killed an ogre mage
  7700 | Orc:2    | Reached skill level 10 in Maces & Flails
  7710 | Orc:2    | Noticed an ogre mage
  7715 | Orc:2    | Noticed a two-headed ogre
  7718 | Orc:2    | Killed an ogre mage
  7731 | Orc:2    | Killed a two-headed ogre
  7740 | Orc:2    | Noticed an ogre mage
  7750 | Orc:2    | Killed an ogre mage
  7770 | Orc:2    | Found Xafoik's Antique Armour Shop.
  7770 | Orc:2    | Found Ypenos's Armour Emporium.
  7770 | Orc:2    | Found Acorar's Armour Emporium.
  7770 | Orc:2    | Found Paifaelu's Antique Weapon Boutique.
  7786 | Orc:2    | Bought a +1 pair of gloves of infusion for 231 gold pieces
  7791 | Orc:2    | Noticed an ogre mage
  7796 | Orc:2    | Noticed a two-headed ogre
  7801 | Orc:2    | Killed an ogre mage
  7808 | Orc:2    | Killed a two-headed ogre
  7818 | Orc:2    | Noticed a two-headed ogre
  7823 | Orc:2    | Killed a two-headed ogre
  7824 | Orc:2    | Reached XP level 13. HP: 85/85 MP: 11/13
  8318 | D:10     | Found a stormy altar of Qazlal.
  8360 | D:10     | Identified the +5 great sword "Asavvoto" {vorpal, Str+7}
  8713 | D:11     | Found a staircase to the Lair.
  8735 | Lair:1   | Entered Level 1 of the Lair of Beasts
  8832 | Lair:1   | Lost mutation: You are completely covered in iridescent
                  | scales. (AC +6) [Jiyva's grace]
  8832 | Lair:1   | Gained mutation: You have hidden genetic potential.
                  | [Jiyva's grace]
  8832 | Lair:1   | Gained mutation: You have great hidden genetic potential.
                  | [Jiyva's grace]
  8832 | Lair:1   | Gained mutation: You passively map a small area around you.
                  | [Jiyva's grace]
  8832 | Lair:1   | Gained mutation: You passively map the area around you.
                  | [Jiyva's grace]
  8939 | Lair:1   | Noticed Sonja
  8943 | Lair:1   | Killed Sonja
  9314 | Lair:1   | Noticed Grum
  9322 | Lair:1   | Killed Grum
  9449 | Lair:1   | Identified the +7 dagger "Dalynlip" {vorpal, *Slow rF++ rC+
                  | Dex+3}
  9531 | Lair:2   | Found a dark tunnel.
  9541 | Volcano  | Entered a volcano
  9560 | Volcano  | Found a burning altar of Makhleb.
  9860 | Lair:2   | Lost mutation: You are mostly covered in iridescent scales.
                  | (AC +4) [Jiyva's grace]
  9860 | Lair:2   | Lost mutation: Your body is covered in eyes which may
                  | confuse attackers. (Acc +7, SInv) [Jiyva's grace]
  9860 | Lair:2   | Lost mutation: You have great hidden genetic potential.
                  | [Jiyva's grace]
  9860 | Lair:2   | Lost mutation: You have hidden genetic potential. [Jiyva's
                  | grace]
  9860 | Lair:2   | Gained mutation: Your body is covered in eyes which may
                  | confuse attackers. (Acc +7, SInv) [Jiyva's grace]
  9860 | Lair:2   | Gained mutation: Your melee attacks may engulf your foes in
                  | ooze. [Jiyva's grace]
  9860 | Lair:2   | Gained mutation: Your spells are a little harder to cast,
                  | but a little more powerful. [Jiyva's grace]
  9860 | Lair:2   | Gained mutation: Your spells are harder to cast, but more
                  | powerful. [Jiyva's grace]
  9934 | Lair:2   | Noticed Amaemon
  9949 | Lair:2   | Killed Amaemon
 10665 | Lair:3   | Gained mutation: Your large and strong wings let you fly.
                  | [Gargoyle growth]
 10665 | Lair:3   | Reached XP level 14. HP: 82/94 MP: 3/14
 10741 | Lair:3   | Found a staircase to the Snake Pit.
 11096 | Lair:3   | Lost mutation: You are partially covered in iridescent
                  | scales. (AC +2) [Jiyva's grace]
 11096 | Lair:3   | Lost mutation: You passively map the area around you.
                  | [Jiyva's grace]
 11096 | Lair:3   | Lost mutation: Your spells are harder to cast, but more
                  | powerful. [Jiyva's grace]
 11096 | Lair:3   | Lost mutation: Your melee attacks may engulf your foes in
                  | ooze. [Jiyva's grace]
 11096 | Lair:3   | Gained mutation: Your natural rate of healing is unusually
                  | fast. [Jiyva's grace]
 11096 | Lair:3   | Gained mutation: You heal very quickly. [Jiyva's grace]
 11096 | Lair:3   | Gained mutation: You regenerate. [Jiyva's grace]
 11096 | Lair:3   | Gained mutation: You are agile. (Dex +2) [Jiyva's grace]
 11189 | Lair:3   | Found a staircase to the Swamp.
 11407 | Swamp:1  | Entered Level 1 of the Swamp
 11583 | Snake:1  | Entered Level 1 of the Snake Pit
 12696 | Snake:2  | Noticed a nagaraja
 12710 | Snake:2  | Killed a nagaraja
 12722 | Snake:2  | Identified the +7 flail of Nuuve {flame, Str+5}
 13398 | Snake:3  | Reached XP level 15. HP: 100/100 MP: 13/15
 13617 | Snake:3  | Lost mutation: Your muscles are strong. (Str +2) [Jiyva's
                  | grace]
 13617 | Snake:3  | Gained mutation: You have a somewhat thin skeletal
                  | structure. (Dex +2, Stealth+) [Jiyva's grace]
 13617 | Snake:3  | Gained mutation: You have a moderately thin skeletal
                  | structure. (Dex +4, Stealth++) [Jiyva's grace]
 13617 | Snake:3  | Gained mutation: You have an unnaturally thin skeletal
                  | structure. (Dex +6, Stealth+++) [Jiyva's grace]
 13617 | Snake:3  | Gained mutation: You have a small jelly attached to you
                  | that senses nearby items. [Jiyva's grace]
 14110 | Snake:3  | Reached skill level 15 in Fighting
 14111 | Snake:3  | Reached skill level 15 in Armour
 14232 | Snake:4  | Entered Level 4 of the Snake Pit
 14288 | Snake:4  | Reached skill level 10 in Dodging
 14468 | Snake:4  | Reached XP level 16. HP: 103/108 MP: 4/16
 14512 | Snake:4  | Noticed a nagaraja
 14520 | Snake:4  | Killed a nagaraja
 14675 | Snake:4  | Noticed a nagaraja
 14684 | Snake:4  | Killed a nagaraja
 14688 | Snake:4  | Noticed a nagaraja
 14698 | Snake:4  | Killed a nagaraja
 14709 | Snake:4  | Got a serpentine rune of Zot
 14893 | Snake:4  | Lost mutation: You have a pair of horns on your head.
                  | [Jiyva's grace]
 14893 | Snake:4  | Lost mutation: You have an unnaturally thin skeletal
                  | structure. (Dex +6, Stealth+++) [Jiyva's grace]
 14893 | Snake:4  | Lost mutation: You passively map a small area around you.
                  | [Jiyva's grace]
 14893 | Snake:4  | Gained mutation: Armour fits poorly on your pseudopods.
                  | [Jiyva's grace]
 14893 | Snake:4  | Gained mutation: Armour fits poorly on your large
                  | pseudopods. [Jiyva's grace]
 14893 | Snake:4  | Gained mutation: Armour fits poorly on your massive
                  | pseudopods. [Jiyva's grace]
 14893 | Snake:4  | Gained mutation: You have a small jelly attached to you
                  | that may absorb projectiles. [Jiyva's grace]
 14939 | Snake:4  | Noticed a nagaraja
 14955 | Snake:4  | Killed a nagaraja
 15250 | Elf:1    | Entered Level 1 of the Elven Halls
 15273 | Elf:1    | Killed an acid blob
 15276 | Elf:1    | Killed Cakin's ghost
 15394 | Elf:1    | Noticed Zenata
 15430 | Elf:1    | Killed Zenata
 15559 | Elf:1    | Found Xaereo's Distillery.
 15564 | Elf:1    | Bought a potion of heal wounds for 65 gold pieces
 15564 | Elf:1    | Bought a potion of heal wounds for 65 gold pieces
 15564 | Elf:1    | Bought 2 potions of curing for 78 gold pieces
 15564 | Elf:1    | Bought a potion of might for 52 gold pieces
 15564 | Elf:1    | Bought a potion of berserk rage for 65 gold pieces
 15854 | Elf:1    | Found a runed translucent gate.
 15854 | Elf:1    | Found a runed translucent gate.
 15856 | Elf:1    | Noticed an azure jelly
 15857 | Elf:1    | Found a runed translucent gate.
 15858 | Elf:1    | Noticed a rockslime
 15859 | Elf:1    | Noticed a rockslime
 15860 | Elf:1    | Found a viscous altar of Jiyva.
 15867 | Elf:1    | Identified the +0 pair of boots "Juoreifu" {Int+7}
 15990 | Elf:1    | Identified the +1 leather armour of Liberty {Str+2}
 16003 | Elf:1    | Reached skill level 15 in Maces & Flails
 16318 | Elf:1    | Reached XP level 17. HP: 116/116 MP: 15/17
 16346 | Elf:1    | Found a runed translucent gate.
 16346 | Elf:1    | Found a runed translucent gate.
 16346 | Elf:1    | Found a runed translucent gate.
 16346 | Elf:1    | Found a runed translucent gate.
 16346 | Elf:1    | Found a runed translucent gate.
 16348 | Elf:1    | Found a runed translucent gate.
 16451 | Elf:1    | Identified the +1 robe "Vim Kid" {Int+3}
 16494 | Elf:2    | Slain by a +1 vorpal trident

Illustrated notes

Levels and vault maps discovered:
D:1:      heliophobic_arrival_enchanted_forest, layout_loops_ring, serial_shops,
          shop, shop, nicolae_shop_advertising_works
          [nicolae_subvault_shop_adworks], nicolae_shop_trees,
          dreamdust_ecumenical_altar_statues, hex_medium
D:2:      layout_loops_cross, minmay_tromino_v4_a
D:3:      layout_rooms, nemelex_diamond_rough_becter, tgw_sif,
          biasface_ghost_orc_armoury
D:4:      layout_loops_ring, general_overflow_altar,
          mainiacjoe_overflow_small_starburst
D:5:      layout_rooms, mainiacjoe_overflow_surrounded_room,
          minmay_misc_feat_nine_boxes, uniq_menkaure, uniq_sigmund
D:6:      kennysheep_six_static_rooms, layout_cave_pools, lemuel_crystal_altar,
          minmay_temple_entry_purple_smoke, minivault_24
D:7:      layout_loops_ring, serial_rivers, chequers_serial_rivers_micro_e,
          chequers_serial_rivers_room_b, chequers_serial_rivers_micro_a,
          chequers_serial_rivers_marsh, chequers_serial_rivers_small_b
D:8:      layout_gridville, trog_butcher_becter, nicolae_fountain_basement
D:9:      hangedman_cross_stitches, layout_cross, chei_slow_surprise,
          serial_park, serial_park_tiny_2, serial_park_tiny_2,
          serial_park_tiny_pond, serial_shops, nicolae_shop_waterfront
D:10:     layout_roguey, pf_just_have_faith, orc_david_3,
          minmay_protected_statue
D:11:     layout_irregular_city, due_lair_maze_entry_diamond
Lair:1:   layout_gridlike, uniq_sonja, uniq_grum
Lair:2:   dreamdust_cave_troll, layout_gridlike, nicolae_volcano_entry_hallway,
          uniq_amaemon
Lair:3:   layout_chaotic_city, minmay_swamp_entry_worms,
          guppyfry_snake_entry_garden, serial_bayou_crossing, grunt_megastairs_3
Swamp:1:  layout_basic_swamp, evilmike_swamp_ruin_house_3
Snake:1:  layout_rooms
Snake:2:  layout_chambers, special_room, serial_bayou_shore_a
Snake:3:  nicolae_sea_snake_s, layout_onion_interference,
          nicolae_snake_serpentine_hallways, lemuel_fruit_tree
Snake:4:  johnstein_snake_rune_scales, layout_rooms
Orc:1:    layout_caves, mines4_lemuel
Orc:2:    st_orc_ogre_mass, layout_caves
Elf:1:    layout_loops_corners, serial_shops, nicolae_shop_waterfront,
          gammafunk_ghost_ooze, hangedman_elven_crosses_minicolossus,
          orc_legates, uniq_zenata
Elf:2:    elven_hall_of_blades_hangedman_original
          [nicolae_blade_entry_area_security], layout_onion_city, serial_shops,
          nicolae_shop_crystal, portal_ice_cave_entry_pillars_1, evilmike_ambush
          [evilmike_ambush_outer_pillars, evilmike_ambush_inner_basic],
          uniq_roxanne

Skill      XL: |  1  2  3  4  5  6  7  8  9 10 11 12 13 14 15 16 |
---------------+-------------------------------------------------+-----
Shields        | 4 5 6 8 |  8.3
Fighting       | 4 5 6 8 9 10 11 13 14 15 16 | 16.6
Armour         | 4 5 6 8 9 10 11 13 14 15 16 | 16.6
Maces & Flails | 3 4 5 7 8 9 10 11 12 14 15 | 15.2
Evocations     | 3 5 6 |  6.0
Dodging        | 2 4 6 7 9 10 11 | 11.4

Action                   |  1- 3 |  4- 6 |  7- 9 | 10-12 | 13-15 | 16-18 || total
-------------------------+-------+-------+-------+-------+-------+-------++-------
Melee: Flail             |    57 |       |       |       |   322 |   319 ||   698
       Mace              |    17 |   104 |   224 |   553 |   585 |       ||  1483
       Headbutt          |       |     1 |    35 |   135 |   244 |    90 ||   505
       Pseudopods        |       |       |       |       |       |    57 ||    57
Throw: Dart              |       |       |       |     5 |       |       ||     5
       Throwing net      |       |       |       |     2 |       |       ||     2
Invok: Oozemancy         |       |       |       |       |     2 |     3 ||     5
Evoke: Wand              |       |       |       |     2 |     2 |       ||     4
       Phial of floods   |       |       |       |       |     1 |       ||     1
  Use: Scroll            |     1 |     5 |     5 |     6 |     8 |     5 ||    30
       Potion            |       |       |     1 |       |       |     6 ||     7
 Stab: Confused          |       |       |     3 |    22 |    29 |    10 ||    64
       Sleeping          |       |       |       |       |     2 |     1 ||     3
       Distracted        |       |       |       |       |       |     2 ||     2
Armor: Scale mail        |    35 |    69 |   151 |     9 |       |       ||   264
       Ring mail         |       |       |       |   253 |   540 |   152 ||   945
Dodge: Dodged            |    36 |    65 |   102 |   278 |   475 |   117 ||  1073
Block: Buckler           |    19 |    35 |    68 |   126 |   134 |       ||   382
       Kite shield       |       |       |       |       |   117 |       ||   117
       Tower shield      |       |       |       |       |   254 |   270 ||   524
       Reflection        |       |       |       |       |    18 |    23 ||    41

Table legend: (Time is in decaauts)
 A = Elapsed time spent in this place.
 B = Non-inter-level travel time spent in this place.
 C = Inter-level travel time spent in this place.
 D = Time resting spent in this place.
 E = Time spent auto-exploring this place.
 F = Levels seen in this place.
 G = Mean time per level.
                   A        B        C        D        E       F      G
               +--------+--------+--------+--------+--------+-----+--------+
         Total |  16502 |  15465 |   1037 |    696 |   8836 |  24 |  687.6 |
       Dungeon |   7446 |   6966 |    480 |    431 |   4162 |  11 |  676.9 |
          Lair |   2745 |   2642 |    103 |    254 |   1619 |   3 |  915.0 |
         Swamp |    133 |    133 |      0 |      0 |     38 |   1 |  133.0 |
     Snake Pit |   3239 |   3060 |    179 |      2 |   1545 |   4 |  809.8 |
  Orcish Mines |   1462 |   1249 |    213 |      9 |    685 |   2 |  731.0 |
   Elven Halls |   1242 |   1181 |     61 |      0 |    733 |   2 |  621.0 |
       Volcano |    232 |    232 |      0 |      0 |     54 |   1 |  232.0 |
               +--------+--------+--------+--------+--------+-----+--------+

Top non-repeatable levels by time:
   Elf:1: 1218 daAuts
  Lair:3: 1133 daAuts
 Snake:2: 1080 daAuts
    D:10: 1042 daAuts
     D:4: 948 daAuts
     D:8: 892 daAuts
  Lair:2: 885 daAuts
 Snake:4: 853 daAuts
 Snake:3: 852 daAuts
     D:1: 801 daAuts
     D:7: 800 daAuts
   Orc:1: 748 daAuts
  Lair:1: 725 daAuts
   Orc:2: 713 daAuts
     D:9: 621 daAuts
